 Dungeon Crawl Stone Soup version 0.14.0-12-g87ee3b7 (webtiles) character file.

19049 Ragg the Protected (level 12, -3/80 HPs)
             Began as a Gargoyle Fighter on Apr 16, 2014.
             Was a High Priest of Okawaru.
             Slain by Snorg (20 damage)
             ... on Level 5 of the Lair of Beasts.
             The game lasted 01:14:09 (16145 turns).

Ragg the Protected (Gargoyle Fighter)              Turns: 16145, Time: 01:14:09

HP  -3/80        AC 36     Str 19      XL: 12   Next: 57%
MP  12/12        EV  0     Int 15      God: Okawaru [*****.]
Gold 713         SH 34     Dex  9      Spells:  0 memorised, 11 levels left

rFire  + . .     SeeInvis +     j - +2,+3 flail (protect)
rCold  + . .     Clarity  .     f - +0 gold dragon armour
rNeg   + . .     Conserve +     Q - +1 large shield {reflect}
rPois  +         rCorr    .     (no helmet)
rElec  +         rRot     +     b - +0 cloak
SustAb + .       Spirit   .     a - +0 pair of gloves
rMut   .         Warding  .     p - -1 pair of boots
Saprov . . .     Stasis   .     E - amulet of conservation
MR     .....                    O - ring of see invisible
                                A - ring of sustain abilities

@: not resistant to hostile enchantments, extremely unstealthy
A: life protection 1, electricity resistance, unbreathing, petrification
resistance, AC +8
a: Heroism, Finesse, Renounce Religion


You were on level 5 of the Lair of Beasts.
You worshipped Okawaru.
Okawaru was extremely pleased with you.
You were hungry.

You visited 3 branches of the dungeon, and saw 16 of its levels.
You also visited: Bailey.

You collected 713 gold pieces.

Inventory:

Hand weapons
 g - a cursed +0 blowgun
 j - a +2,+3 flail of protection (weapon)
Missiles
 c - 18 poisoned needles
 n - 86 stones (quivered)
Armour
 a - a +0 pair of gloves (worn)
 b - a +0 cloak (worn)
 f - a +0 gold dragon armour (worn)
 p - a -1 pair of boots (worn)
 Q - a +1 large shield of reflection (worn)
Magical devices
 h - a wand of enslavement (14)
 k - a wand of fireball (1)
 D - a wand of cold (7)
 K - a wand of frost (8)
 P - a wand of lightning (8)
 R - a wand of frost (15)
Comestibles
 d - 5 bread rations
 F - a banana
 I - an apple
 S - a honeycomb
Scrolls
 l - 2 scrolls of noise
 m - 6 scrolls of remove curse
 r - a scroll of immolation
 s - 3 scrolls of fog
 v - 6 scrolls of identify
 x - 5 scrolls of teleportation
 y - a scroll of enchant weapon I
 z - 4 scrolls of enchant weapon II
 J - 3 scrolls of recharging
 L - 3 scrolls of enchant armour
 M - 2 scrolls of fear
Jewellery
 A - a ring of sustain abilities (left hand)
 E - an amulet of conservation (around neck)
 O - a ring of see invisible (right hand)
Potions
 e - 5 potions of might
 i - 3 potions of haste
 q - 8 potions of curing
 t - 2 potions of brilliance
 w - 3 potions of heal wounds
 N - 3 potions of restore abilities
 U - a potion of lignification


   Skills:
 + Level 11.7 Fighting
 + Level 11.7 Maces & Flails
 + Level 12.5 Armour
 + Level 9.6 Shields


You had 11 spell levels left.
You didn't know any spells.

Dungeon Overview and Level Annotations

Branches:
Dungeon (10/15)            Temple (1/1) D:4            Lair (5/8) D:9
 Shoals (0/5) Lair:4        Snake (0/5) Lair:3
    Orc: D:9-12

Altars:
Ashenzari
Cheibriados
Dithmenos
Elyvilon
Fedhas
Kikubaaqudgha
Makhleb
Nemelex Xobeh
Okawaru
Sif Muna
Trog
Vehumet
Xom
Yredelemnul
Zin
The Shining One

Shops:
D:7 (

Annotations:
D:10 Dodo's ghost, experienced KoAs
Lair:5 Snorg


Innate Abilities, Weirdness & Mutations

You are resistant to torment.
You are immune to poison.
You are immune to rotting.
Your stone body is very resilient (AC +8).
You resist negative energy.
You are resistant to electric shocks.
You can survive without breathing.
You are immune to petrification.


Message History

You block Snorg's attack. Snorg claws you. Snorg claws you!
You hit Snorg.
Snorg is severely wounded.
Snorg bites you. Snorg claws you but does no damage. You block Snorg's attack.
Snorg bites you. Snorg claws you! You block Snorg's attack.
You closely miss Snorg.
Snorg is heavily wounded.
You block Snorg's attack. Snorg claws you but does no damage.
You block Snorg's attack.
You hit Snorg.
Snorg is severely wounded.
You block Snorg's attack. x2
Snorg claws you!
* * * LOW HITPOINT WARNING * * *
Snorg bites you but does no damage. Snorg claws you.
* * * LOW HITPOINT WARNING * * *
Snorg claws you but does no damage.
Snorg rages.
Snorg bites you!
You die...

###.##..#
#f......##
##....#..#
.#....##.##
..........##
#P..#.#....#
##.#.####.##
#### #..#
#P@# #.T##
#...# ##.##
#.# ... ...
##..# )..#


You could see Snorg (berserk).

Vanquished Creatures
  An oklob plant (Lair:3)
  Pikel (D:6)
  The ghost of hcnick the Sculptor of Flesh, an experienced OgDK of Yredelemnul (D:6)
  A gargoyle (D:9)
  A black mamba (Lair:2)
  4 spiny frogs
  4 komodo dragons
  Grinder (D:6)
  A troll (D:9)
  2 polar bears
  Prince Ribbit (D:5)
  A snapping turtle (Lair:4)
  7 blink frogs (Lair:1)
  A basilisk (Lair:3)
  A deep elf mage (D:9)
  12 yaks
  3 hippogriffs
  A shark (Lair:3)
  Eustachio (D:5)
  12 wolves
  Edmund (D:8)
  Menkaure (D:6)
  3 sky beasts
  3 ogres
  A giant goldfish (Lair:1)
  9 porcupines
  7 orc warriors
  A deep dwarf (Lair:4)
  5 water moccasins
  2 centaurs
  7 crocodiles
  Duvessa (D:5)
  5 giant slugs
  3 giant frogs
  A big kobold (D:9)
  Blork the orc (D:6)
  A gnoll sergeant (D:8)
  A komodo dragon skeleton (D:8)
  A cyclops skeleton (D:9)
  2 scorpions
  A hippogriff skeleton (D:7)
  A quasit (D:8)
  8 electric eels
  6 crimson imps
  Dowan (D:5)
  2 goliath beetles
  5 big fish
  2 jellies
  6 orc wizards
  Crazy Yiuf (D:4)
  2 orc priests
  13 hounds
  A lava snake (Lair:1)
  8 worker ants
  A two-headed ogre skeleton (D:7)
  6 iguanas
  A big kobold zombie (D:7)
  11 sheep (Lair:4)
  Ijyb (D:2)
  Jessica (D:3)
  A sky beast zombie (D:9)
  23 adders
  18 gnolls
  29 green rats
  A shadow imp (D:9)
  4 giant mites
  An inept feature mimic (D:3)
  3 worms
  A giant eyeball (D:9)
  5 giant geckos
  43 orcs
  22 bats
  4 giant cockroaches
  23 goblins
  20 hobgoblins
  25 jackals
  15 kobolds
  11 quokkas
  3 ball pythons
  8 giant newts
  A hobgoblin skeleton (D:6)
  An orc skeleton (D:6)
  A quokka skeleton (D:6)
  23 rats
  A rat zombie (D:5)
  A bush (Lair:5)
  A fungus (D:4)
480 creatures vanquished.

Notes
Turn   | Place    | Note
--------------------------------------------------------------
     0 | D:1      | Ragg, the Gargoyle Fighter, began the quest for the Orb.
     0 | D:1      | Reached XP level 1. HP: 14/14 MP: 1/1
   298 | D:1      | Reached XP level 2. HP: 16/19 MP: 2/2
   690 | D:1      | Reached XP level 3. HP: 21/23 MP: 3/3
   842 | D:2      | Reached skill level 4 in Shields
  1065 | D:2      | Reached XP level 4. HP: 26/29 MP: 4/4
  1293 | D:2      | Found a shimmering altar of Xom.
  1597 | D:2      | Noticed Ijyb
  1627 | D:2      | Killed Ijyb
  1627 | D:2      | Reached XP level 5. HP: 33/33 MP: 5/5
  2248 | D:3      | Noticed Jessica
  2314 | D:3      | Reached XP level 6. HP: 13/38 MP: 6/6
  2316 | D:3      | Killed Jessica
  2752 | D:3      | Reached skill level 5 in Shields
  2907 | D:4      | Reached skill level 5 in Armour
  2931 | D:4      | Found a staircase to the Ecumenical Temple.
  2937 | Temple   | Entered the Ecumenical Temple
  3018 | Temple   | Became a worshipper of Warmaster Okawaru
  3183 | D:4      | Reached skill level 5 in Fighting
  3183 | D:4      | Reached XP level 7. HP: 36/44 MP: 7/7
  3556 | D:4      | Noticed Crazy Yiuf
  3567 | D:4      | Killed Crazy Yiuf
  3630 | D:5      | Entered Level 5 of the Dungeon
  3630 | D:5      | Noticed Eustachio
  3815 | D:5      | Noticed Dowan
  3816 | D:5      | Noticed Duvessa
  3820 | D:5      | Noticed Prince Ribbit
  3878 | D:6      | Noticed Blork the orc
  3882 | D:6      | Noticed Grinder
  3907 | D:6      | Killed Blork the orc
  3923 | D:6      | Paralysed by Grinder for 4 turns
  3937 | D:6      | Paralysed by Grinder for 2 turns
  3954 | D:6      | Paralysed by Grinder for 5 turns
  3981 | D:6      | Killed Grinder
  3981 | D:6      | Acquired Okawaru's first power
  3981 | D:6      | Reached skill level 5 in Maces & Flails
  3981 | D:6      | Reached skill level 6 in Shields
  3981 | D:6      | Reached XP level 8. HP: 31/51 MP: 8/8
  4256 | D:6      | Noticed hcnick's ghost (experienced OgDK)
  4460 | D:5      | Killed Eustachio
  4566 | D:5      | Killed Dowan
  4573 | D:5      | Killed Duvessa
  4634 | D:5      | Killed Prince Ribbit
  4634 | D:5      | Reached skill level 7 in Armour
  5053 | D:6      | Noticed Menkaure
  5063 | D:6      | Killed Menkaure
  5063 | D:6      | Reached XP level 9. HP: 46/57 MP: 9/9
  5305 | D:7      | Found Zuann's Antique Weapon Shop.
  5552 | D:7      | Reached skill level 8 in Armour
  6609 | D:8      | Noticed Edmund
  6620 | D:8      | Killed Edmund
  6938 | D:9      | Reached skill level 9 in Armour
  6941 | D:9      | Noticed a gargoyle
  6955 | D:9      | Reached XP level 10. HP: 47/65 MP: 10/10
  7195 | D:9      | Found a flagged portal.
  7222 | Bailey   | Entered a bailey
  7893 | Bailey   | Noticed an orc knight
  8447 | D:10     | Entered Level 10 of the Dungeon
  8461 | D:10     | Noticed Dodo's ghost (experienced KoAs)
  8463 | D:10     | HP: 2/66 [orc priest/divine providence (10)]
  8600 | D:9      | Found a staircase to the Lair.
  8609 | D:9      | Reached skill level 10 in Armour
  8831 | D:9      | Killed a gargoyle
  9105 | D:6      | Killed hcnick's ghost
  9414 | D:6      | Noticed Pikel
  9445 | D:6      | Killed Pikel
  9445 | D:6      | Reached skill level 10 in Fighting
  9855 | Lair:1   | Entered Level 1 of the Lair of Beasts
  9961 | Lair:1   | Reached XP level 11. HP: 60/72 MP: 11/11
 10352 | Lair:1   | Reached skill level 10 in Maces & Flails
 10808 | Lair:1   | Acquired Okawaru's second power
 10968 | Lair:1   | Reached skill level 11 in Armour
 13561 | Lair:3   | Received a gift from Okawaru
 13570 | Lair:3   | Reached XP level 12. HP: 52/80 MP: 12/12
 13782 | Lair:3   | Found a staircase to the Snake Pit.
 14006 | Lair:3   | Reached skill level 12 in Armour
 14060 | Lair:3   | Found a blossoming altar of Fedhas.
 14590 | Lair:4   | Found an ancient bone altar of Kikubaaqudgha.
 14986 | Lair:4   | Found a staircase to the Shoals.
 16111 | Lair:5   | Noticed Snorg
 16145 | Lair:5   | Slain by Snorg

Action                   |  1- 3 |  4- 6 |  7- 9 | 10-12 || total
-------------------------+-------+-------+-------+-------++-------
Melee: Flail             |   162 |   221 |       |   952 ||  1335
       Whip              |       |   104 |   129 |  1017 ||  1250
       Dire flail        |       |       |   436 |   203 ||   639
Evoke: Wand              |       |       |     2 |     6 ||     8
  Use: Scroll            |       |       |     8 |    20 ||    28
       Potion            |       |       |     1 |     5 ||     6
